 Dungeon Crawl Stone Soup version 0.29-a0-284-gf9362112df (webtiles) character file.

Game seed: 3884945478534632647

72 gzilladon the Skirmisher (level 4, 0/40 HPs)
             Began as a Hill Orc Fighter on Mar 24, 2022.
             Slain by an orc wizard
             ... wielding a +0 dagger
              (1 damage)
             ... on level 1 of the Dungeon.
             The game lasted 00:07:05 (1362 turns).

gzilladon the Skirmisher (Hill Orc Fighter)         Turns: 1362, Time: 00:07:06

Health: 0/40       AC:  7    Str: 20    XL:     4   Next: 25%
Magic:  4/4        EV: 24    Int:  8    God:
Gold:   19         SH:  0    Dex: 16    Spells: 3/3 levels left

rFire   . . .      SeeInvis .   a - +0 war axe
rCold   . . .      Faith    .   c - +0 buckler
rNeg    . . .      Spirit   .   b - +0 scale mail
rPois   .          Reflect  .   (no helmet)
rElec   .          Harm     .   (no cloak)
rCorr   .          Rampage  .   (no gloves)
Will    .....                   (no boots)
Stlth   ..........              f - amulet of the acrobat
HPRegen 0.13/turn               i - +6 ring of dexterity
MPRegen 0.09/turn               (no ring)

@: confused, acrobatic
A: no striking features
a: no special abilities


You were on level 1 of the Dungeon.
You visited 1 branch of the dungeon, and saw 2 of its levels.

You collected 19 gold pieces.

Inventory:

Hand Weapons
 a - a +0 war axe (weapon)
Missiles
 e - 88 stones (quivered)
Armour
 b - a +0 scale mail (worn)
 c - a +0 buckler (worn)
Magical Staves
 o - a staff of poison
Jewellery
 f - an amulet of the acrobat (around neck)
 i - a +6 ring of dexterity (left hand)
 k - an amulet of magic regeneration
Scrolls
 l - 2 scrolls of identify {unknown}
 m - 2 scrolls of fear {unknown}
 n - a scroll of amnesia {unknown}
 p - a scroll of blinking {unknown}
Potions
 d - a potion of might
 g - a potion of cancellation {unknown}
 h - 2 potions of curing {unknown}
 j - a potion of flight {unknown}


   Skills:
 + Level 4.1 Fighting
 + Level 3.9 Axes
 + Level 3.8 Armour
 + Level 0.4 Dodging
 + Level 0.1 Stealth
 + Level 3.7 Shields


You had 3 spell levels left.
You didn't know any spells.
Your spell library contained the following spells:

 Spells                   Type           Power      Damage    Failure   Level
 Ensorcelled Hibernation  Hex/Ice        0%         N/A       94%         2
 Passwall                 Tmut/Erth      0%         N/A       94%         2
 Swiftness                Air            0%         N/A       99%         3
 Fulminant Prism          Conj/Hex       0%         3d6       100%        4
 Iskenderun's Mystic Bla  Conj/Tloc      0%         2d3       100%        4
 Lee's Rapid Deconstruct  Erth           0%         3d5*      100%        5


Dungeon Overview and Level Annotations

Branches:
Dungeon (2/15)

Altars:

Shops:
D:1 *


Message History

A magic dart appears from out of thin air!
The magic dart hits you.
* * * LOW HITPOINT WARNING * * *
You feel less confused.
You hear some strange, mumbled words.
Something tries to affect you, but you resist.
There is a stone staircase leading up here.
Something hits you.
* * * LOW HITPOINT WARNING * * *
You climb upwards.
Reactivating autopickup.
There is a stone staircase leading down here.
You see here a +0 club.
Something barely misses you.
A magic dart appears from out of thin air!
Deactivating autopickup; reactivate with Ctrl-A.
The magic dart hits you.
* * * LOW HITPOINT WARNING * * *
You block something's attack. Something hits you but does no damage.
Something misses you. Something misses you.
You hear some strange, mumbled words.
Something tries to affect you, but you resist.
You hear some strange, mumbled words.
Something tries to affect you, but you resist.
You hear some strange, mumbled words.
Something tries to affect you, but you resist.
Something hits you.
* * * LOW HITPOINT WARNING * * *
An orc wizard appears from thin air!
Reactivating autopickup.
The orc wizard points at you and mumbles some strange words.
You are confused.
The orc wizard hits you with a +0 dagger.
* * * LOW HITPOINT WARNING * * *
Unknown command.
The orc wizard attacks as you move away!
The orc wizard hits you with a +0 dagger.
You die...

#....## ##### #..##
....########...####...#
#..........#.........[#
#...######.#..###.###.#
#...#####.....#.....#.#
#...##........#.>...#.#
....##.##.....).......#
..#.##>###.##.#.....#.#
..#.##)###.##.#.@o..#.#
..#........##.###.###.#
.#####.######.........#
.# #.# ###########
######.# .......#
########


You could see an orc wizard.

Vanquished Creatures
  A gnoll (D:1)
  2 adders (D:2)
  A dart slug (D:1)
  4 orcs (D:2)
  3 endoplasms (D:1)
  2 giant cockroaches (D:1)
  A goblin (D:1)
  A quokka (D:1)
  6 ball pythons
  7 bats
  6 frilled lizards
  3 kobolds (D:1)
  6 rats
  A spectral hobgoblin (D:1)
44 creatures vanquished.

Notes
Turn   | Place    | Note
-------+----------+-------------------------------------------
     0 | D:1      | gzilladon the Hill Orc Fighter began the quest for the Orb.
     0 | D:1      | Reached XP level 1. HP: 19/19 MP: 1/1
   148 | D:1      | Reached XP level 2. HP: 26/27 MP: 2/2
   428 | D:1      | Found Kinoonum's Assorted Antiques.
   500 | D:1      | Found a faded altar of an unknown god.
   580 | D:1      | Reached XP level 3. HP: 33/33 MP: 3/3
   713 | D:1      | Reached skill level 4 in Fighting
  1290 | D:2      | Reached XP level 4. HP: 38/40 MP: 4/4
  1357 | D:1      | HP: 1/40 [something (4)]
  1362 | D:1      | Slain by an orc wizard

Illustrated notes

Levels and vault maps discovered:
D:1:      dpeg_arrival_stone_temple_mockup, layout_loops_ring, serial_shops,
          nicolae_shop_waterfront, dreamdust_ecumenical_altar_drowned_temple,
          st_stairs_3, minmay_hexomino_f4
D:2:      layout_loops_ring, hangedman_decor_push

Skill      XL: |  1  2  3 |
---------------+----------+-----
Axes           | 3 |  3.9
Fighting       | 4 |  4.1
Armour         | |  3.8
Dodging        | |  0.4
Stealth        | |  0.1
Shields        | |  3.7

Action                   |  1- 3 |  4- 6 || total
-------------------------+-------+-------++-------
Melee: War axe           |   103 |    19 ||   122
Armor: Scale mail        |    49 |    12 ||    61
Dodge: Dodged            |    80 |    13 ||    93
Block: Buckler           |    38 |     5 ||    43

Table legend: (Time is in decaauts)
 A = Elapsed time spent in this place.
 B = Non-inter-level travel time spent in this place.
 C = Inter-level travel time spent in this place.
 D = Time resting spent in this place.
 E = Time spent auto-exploring this place.
 F = Levels seen in this place.
 G = Mean time per level.
                   A        B        C        D        E       F      G
               +--------+--------+--------+--------+--------+-----+--------+
         Total |   1419 |   1417 |      2 |    200 |      0 |   2 |  709.5 |
       Dungeon |   1419 |   1417 |      2 |    200 |      0 |   2 |  709.5 |
               +--------+--------+--------+--------+--------+-----+--------+

Top non-repeatable levels by time:
     D:1: 983 daAuts
     D:2: 435 daAuts
